 Dungeon Crawl Stone Soup version 0.29.1-2-gbd0b4ee654 (webtiles) character file.

Game seed: 14968620950287807536

14616 MisterFreud the Covert (level 12, -7/81 HPs)
             Began as a Gnoll Enchanter on Nov 2, 2022.
             Was an Elder of Hepliaklqana.
             Mangled by a cane toad (13 damage)
             ... on level 2 of the Lair of Beasts.
             The game lasted 00:21:15 (11126 turns).

MisterFreud the Covert (Gnoll Enchanter)           Turns: 11126, Time: 00:21:15

Health: -7/81      AC:  6    Str:  9    XL:     12   Next: 18%
Magic:  6/24       EV: 15    Int: 28    God:    Hepliaklqana [****..]
Gold:   565        SH:  0    Dex: 13    Spells: 20/28 levels left

rFire   . . .      SeeInvis +   x - +2 dagger (venom)
rCold   + . .      Faith    .   (no shield)
rNeg    + . .      Spirit   .   b - +0 robe
rPois   .          Reflect  .   o - +1 helmet
rElec   .          Harm     .   (no cloak)
rCorr   .          Rampage  .   (no gloves)
Will    .....                   A - +0 pair of boots of Boiling Hail {*Slow rC+ rN+ Int+4}
Stlth   ++++......              q - amulet of regeneration
HPRegen 1.03/turn               i - +6 ring of intelligence
MPRegen 0.19/turn               l - ring of see invisible

@: no status effects
A: reduced essence, fangs 1, strong nose, distributed training
a: Renounce Religion, Recall Ancestor, Ancestor Identity, Transference, Idealise


You were on level 2 of the Lair of Beasts.
You worshipped Hepliaklqana.
Hepliaklqana was greatly pleased with you.
You visited 2 branches of the dungeon, and saw 11 of its levels.

You collected 565 gold pieces.

Inventory:

Hand Weapons
 a - a +1 dagger
 j - a +2 dagger of holy wrath
 x - a +2 dagger of venom (weapon)
 M - a +0 vorpal quarterstaff
Missiles
 d - 2 throwing nets
 m - 2 silver boomerangs (quivered)
 v - 17 poisoned darts
 D - 11 boomerangs
 L - 2 curare-tipped darts
 V - 2 silver javelins
Armour
 b - a +0 robe (worn)
 o - a +1 helmet (worn)
 A - the +0 pair of boots of Boiling Hail (worn) {*Slow rC+ rN+ Int+4}
   (You found it on level 4 of the Dungeon)

   Int:       It affects your intelligence (+4).
   rC:        It protects you from cold.
   rN:        It protects you from negative energy.
   *Slow:     It may slow you when you take damage.
Jewellery
 i - a +6 ring of intelligence (left hand)
 l - a ring of see invisible (right hand)
 q - an amulet of regeneration (around neck)
 u - a +6 ring of strength
Wands
 y - a wand of charming (11)
 H - a wand of acid (37)
 I - a wand of mindburst (12)
 S - a wand of roots (11)
 T - a wand of polymorph (6)
Scrolls
 e - 4 scrolls of poison
 f - 5 scrolls of identify
 g - 4 scrolls of teleportation
 h - a scroll of fog
 p - 3 scrolls of vulnerability
 B - 2 scrolls of enchant weapon
 F - 2 scrolls of torment {unknown}
 G - 5 scrolls of magic mapping {unknown}
 J - 2 scrolls of fear {unknown}
 N - a scroll of silence {unknown}
 P - a scroll of enchant armour
 Q - 2 scrolls of amnesia
 U - a scroll of acquirement {unknown}
Potions
 c - 3 potions of invisibility
 k - 5 potions of curing
 n - a potion of haste
 r - a potion of cancellation
 s - a potion of magic
 t - 2 potions of heal wounds {unknown}
 w - a potion of resistance {unknown}
 z - a potion of flight {unknown}
 C - a potion of lignification
 E - a potion of berserk rage {unknown}
 K - a potion of mutation {unknown}
 O - a potion of brilliance {unknown}
 R - 3 potions of might {unknown}


   Skills:
 + Level 7.3 Fighting
 + Level 7.8 Short Blades
 + Level 7.3 Long Blades
 + Level 7.3 Axes
 + Level 7.3 Maces & Flails
 + Level 7.3 Polearms
 + Level 7.3 Staves
 + Level 7.3 Ranged Weapons
 + Level 7.3 Throwing
 + Level 7.3 Armour
 + Level 8.7 Dodging
 + Level 9.5 Stealth
 + Level 7.3 Shields
 + Level 7.3 Unarmed Combat
 + Level 8.9 Spellcasting
 + Level 6.0 Conjurations
 + Level 8.2 Hexes
 + Level 6.0 Summonings
 + Level 6.0 Necromancy
 + Level 6.0 Translocations
 + Level 6.0 Transmutations
 + Level 6.0 Fire Magic
 + Level 6.0 Ice Magic
 + Level 6.0 Air Magic
 + Level 6.0 Earth Magic
 + Level 6.0 Poison Magic
 + Level 8.0 Invocations
 + Level 7.3 Evocations


You had 20 spell levels left.
You knew the following spells:

 Your Spells              Type           Power      Damage    Failure   Level
a - Ensorcelled Hibernat  Hex/Ice        100%       N/A       1%          2
b - Tukima's Dance        Hex            56%        N/A       1%          3
c - Dazzling Flash        Conj/Hex       100%       N/A       1%          3

Your spell library contained the following spells:

 Spells                   Type           Power      Damage    Failure   Level
 Foxfire                  Conj/Fire      100%       2x1d9     1%          1
 Sandblast                Erth           92%        2d19      1%          1
 Blink                    Tloc           92%        N/A       1%          2
 Poisonous Vapours        Pois/Air       92%        N/A       1%          2
 Confusing Touch          Hex            56%        N/A       1%          3
 Airstrike                Air            23%        2d(4-20)  3%          4
 Summon Lightning Spire   Summ/Air       46%        N/A       3%          4
 Iskenderun's Battlesphe  Conj           46%        2d10      11%         5
 Lightning Bolt           Conj/Air       23%        1d38      11%         5
 Iron Shot                Conj/Erth      23%        9d5       50%         6
 Spellforged Servitor     Conj/Summ      23%        N/A       97%         7
 Disjunction              Tloc           23%        N/A       100%        8
 Lehudib's Crystal Spear  Conj/Erth      23%        10d6      100%        8
 Shatter                  Erth           23%        3d20*     100%        9


Dungeon Overview and Level Annotations

Branches:
Dungeon (9/15)             Temple (0/1) D:7            Lair (2/5) D:9
 Shoals (0/4) Lair:2          Orc (0/2) D:9
  Snake: Lair:2-3    Spider: Lair:2-3

Altars:
Ashenzari
Cheibriados
Elyvilon
Gozag
Hepliaklqana
Kikubaaqudgha
Makhleb
Nemelex Xobeh
Qazlal
Sif Muna
Uskayaw
Vehumet
Wu Jian
Zin
The Shining One

Annotations:
D:4 3 runed translucent doors, p0werm0de's ghost, amateur OpMo


Innate Abilities, Weirdness & Mutations

Your life essence is reduced to manifest your ancestor. (-10% HP)
You have very sharp teeth.
Your uncanny sense of smell can sniff out nearby items.
Your experience applies equally to all skills.


Message History

The wolf is moderately wounded.
The bullfrog hits you! The wolf bites you.
You hit the wolf but do no damage.
The wolf is moderately wounded.
The wolf bites you.
* * * LOW HITPOINT WARNING * * *
You hit the wolf.
The wolf looks as sick as possible!
Your bite misses the wolf.
The wolf is heavily wounded.
The wolf barely misses you.
Casting: Ensorcelled Hibernation (safe; 1% risk of failure)
Confirm with . or Enter, or press ? or * to list all spells.
Aiming: Ensorcelled Hibernation (safe; 1% risk of failure)
Press: ? - help, Shift-Dir - straight line, f - cane toad
Aim: a cane toad (chance to affect: 71%)
The cane toad struggles to resist.
The bullfrog releases a deep croak.
The cane toad stings you!
* * * LOW HITPOINT WARNING * * *
You are lethally poisoned!
The cane toad poisons you! The wolf closely misses you.
Casting: Ensorcelled Hibernation (safe; 1% risk of failure)
Confirm with . or Enter, or press ? or * to list all spells.
Aiming: Ensorcelled Hibernation (safe; 1% risk of failure)
Press: ? - help, Shift-Dir - straight line, f/p - cane toad
Aim: a cane toad (chance to affect: 71%)
The cane toad looks drowsy...
* * * LOW HITPOINT WARNING * * *
You feel very sick. The wolf bites you.
* * * LOW HITPOINT WARNING * * *
The wolf barely misses you.
You feel better. The wolf bites you!
* * * LOW HITPOINT WARNING * * *
The wolf bites you.
* * * LOW HITPOINT WARNING * * *
The cane toad croaks.
You hear an angry growl.
The cane toad stings you!
You die...

∆$##♣..♣##∆##♣♣Y.♣♣##[#
#. ....♣♣#(∆$#♣♣♣.h...#
#. ∆ #..♣♣.. Yh♣♣♣Y.♣##.#
## ♣..♣♣†#.♣♣♣..♣♣ #
♣..♣♣.♣♣♣..♣♣ #
♣..♣♣..Y.♣♣ #. ♣♣†F♣♣..♣♣
#. ♣♣Fh♣♣♣♣ #. .### ♣♣@.♣
## ##.####### ##♣.♣##
...#.....# ♣♣.R...♣♣
P..#.♣♣♣.♣♣♣♣♣..PPP..♣
P....♣ ♣........P~P......
P..#.♣♣♣.♣♣♣♣♣..PPP..♣♣♣♣
P..#.....# ♣♣.....♣♣
...####### #######
#.........


You could see a cane toad, a wolf (extremely poisoned) and a bullfrog.

Vanquished Creatures
  A hydra (Lair:2)
  A lindwurm (Lair:1)
  An elephant (Lair:2)
  Joseph (D:8)
  4 cane toads
  Maggie (D:6)
  2 komodo dragons
  2 trolls (D:9)
  A blink frog (Lair:2)
  A hornet (D:8)
  A wraith (D:9)
  12 yaks
  A basilisk (D:9)
  3 wyverns
  4 water moccasins
  3 orc warriors
  A black bear (D:8)
  A sky beast (D:7)
  6 wolves
  5 ogres
  5 centaurs
  A phantom (D:4)
  2 kobold brigands
  8 bullfrogs
  4 scorpions
  4 wights
  6 killer bees
  5 howler monkeys
  3 jellies
  A gnoll bouda (D:7)
  5 hounds
  6 orc priests
  2 orc wizards (D:6)
  A hexer (D:9)
  5 iguanas
  Robin (D:2)
  11 gnolls
  5 adders
  2 shadow imps
  A worm (D:2)
  5 dart slugs
  31 orcs
  10 ball pythons
  7 endoplasms
  2 giant cockroaches (D:4)
  19 goblins
  10 hobgoblins
  4 jackals
  2 quokkas (D:2)
  7 bats
  21 kobolds
  4 rats
  A spectral orc (D:3)
253 creatures vanquished.

Vanquished Creatures (collateral kills)
  A hornet (D:9)
  4 yaks
  A wyvern (D:9)
  4 water moccasins
  A sky beast (D:8)
  An ice beast (D:8)
  An orc warrior (D:8)
  2 kobold brigands
  2 bullfrogs
  3 necrophages
  A scorpion (D:5)
  10 wights
  2 electric eels
  2 orc priests
  A jelly (D:4)
  5 orc wizards
  3 gnolls (D:7)
  An adder (D:6)
  2 white imps
  A worm (D:4)
  17 orcs
  A goblin (D:4)
  7 kobolds
73 creatures vanquished.

Vanquished Creatures (others)
  A dancing weapon (D:5)
  2 hexers (Lair:2)
  An ancestor (D:6)
  An adder (D:3)
  2 bushes (D:9)
  2 fungi (Lair:1)
  26 plants
35 creatures vanquished.

Grand Total: 361 creatures vanquished

Notes
Turn   | Place    | Note
-------+----------+-------------------------------------------
     0 | D:1      | MisterFreud the Gnoll Enchanter began the quest for the
                  | Orb.
     0 | D:1      | Reached XP level 1. HP: 13/13 MP: 6/6
    63 | D:1      | Reached XP level 2. HP: 15/19 MP: 7/7
    66 | D:1      | Learned a level 2 spell: Ensorcelled Hibernation
   204 | D:1      | Found a faded altar of an unknown god.
   887 | D:1      | Reached skill level 5 in Spellcasting
   887 | D:1      | Reached XP level 3. HP: 25/25 MP: 5/9
  1315 | D:2      | Reached skill level 6 in Stealth
  1402 | D:2      | Reached skill level 1 in Invocations
  1474 | D:2      | Noticed Robin
  1593 | D:2      | Reached skill level 1 in Fighting
  1593 | D:2      | Reached skill level 1 in Long Blades
  1593 | D:2      | Reached skill level 1 in Axes
  1593 | D:2      | Reached skill level 1 in Maces & Flails
  1593 | D:2      | Reached skill level 1 in Polearms
  1593 | D:2      | Reached skill level 1 in Staves
  1593 | D:2      | Reached skill level 1 in Ranged Weapons
  1593 | D:2      | Reached skill level 1 in Throwing
  1593 | D:2      | Reached skill level 1 in Armour
  1593 | D:2      | Reached skill level 1 in Shields
  1593 | D:2      | Reached skill level 1 in Unarmed Combat
  1593 | D:2      | Reached skill level 1 in Evocations
  1859 | D:2      | Killed Robin
  1860 | D:2      | Reached XP level 4. HP: 32/32 MP: 8/11
  2161 | D:2      | Reached skill level 1 in Conjurations
  2161 | D:2      | Reached skill level 1 in Summonings
  2161 | D:2      | Reached skill level 1 in Necromancy
  2161 | D:2      | Reached skill level 1 in Translocations
  2161 | D:2      | Reached skill level 1 in Transmutations
  2161 | D:2      | Reached skill level 1 in Fire Magic
  2161 | D:2      | Reached skill level 1 in Ice Magic
  2161 | D:2      | Reached skill level 1 in Air Magic
  2161 | D:2      | Reached skill level 1 in Earth Magic
  2161 | D:2      | Reached skill level 1 in Poison Magic
  2426 | D:2      | Learned a level 3 spell: Tukima's Dance
  2433 | D:3      | You fall into a shaft and drop 2 floors!
  2433 | D:5      | Entered Level 5 of the Dungeon
  2690 | D:5      | Reached XP level 5. HP: 37/37 MP: 12/12
  2919 | D:5      | Reached XP level 6. HP: 44/44 MP: 13/13
  3013 | D:5      | Reached skill level 5 in Dodging
  3497 | D:5      | Found a snail-covered altar of Cheibriados.
  3616 | D:3      | Found a stormy altar of Qazlal.
  3886 | D:3      | Found an opulent altar of Gozag.
  3964 | D:3      | HP: 2/44 [gnoll/+0 spear (5)]
  4203 | D:3      | Found a shimmering blue altar of Sif Muna.
  4443 | D:3      | Found a hazy altar of Hepliaklqana.
  4459 | D:3      | Became a worshipper of Hepliaklqana the Forgotten
  4485 | D:3      | Reached XP level 7. HP: 29/50 MP: 7/15
  4665 | D:3      | Found a glowing silver altar of Zin.
  5163 | D:4      | Reached * piety under Hepliaklqana
  5260 | D:4      | Found a runed translucent gate.
  5268 | D:4      | Found a runed translucent gate.
  5269 | D:4      | Found a runed translucent gate.
  5270 | D:4      | Noticed p0werm0de's ghost (amateur OpMo)
  5290 | D:4      | Identified the +0 pair of boots of Boiling Hail {*Slow rC+
                  | rN+ Int+4}
  5393 | D:4      | Found a glowing golden altar of the Shining One.
  5639 | D:4      | Reached XP level 8. HP: 52/52 MP: 16/16
  5869 | D:5      | Reached skill level 7 in Stealth
  6366 | D:6      | Found an ancient bone altar of Kikubaaqudgha.
  6486 | D:6      | Reached ** piety under Hepliaklqana
  6487 | D:6      | Remembered your ancestor Xolani as a hexer
  6495 | D:6      | Noticed Maggie
  6510 | D:6      | Killed Maggie
  6511 | D:6      | Reached XP level 9. HP: 56/58 MP: 18/18
  6512 | D:6      | Identified the +8 chain mail of the Plum {Will- Dex+7
                  | Stlth+}
  6576 | D:6      | Reached skill level 5 in Short Blades
  7250 | D:7      | Found a sparkling altar of Nemelex Xobeh.
  7262 | D:7      | Reached skill level 5 in Invocations
  7484 | D:7      | Found a white marble altar of Elyvilon.
  7602 | D:7      | Found a staircase to the Ecumenical Temple.
  7752 | D:7      | Found a burning altar of Makhleb.
  7752 | D:7      | Noticed a cacodemon
  7811 | D:7      | Found a hide-covered altar of Uskayaw.
  7876 | D:8      | Reached skill level 5 in Fighting
  7876 | D:8      | Reached skill level 5 in Long Blades
  7876 | D:8      | Reached skill level 5 in Axes
  7876 | D:8      | Reached skill level 5 in Maces & Flails
  7876 | D:8      | Reached skill level 5 in Polearms
  7876 | D:8      | Reached skill level 5 in Staves
  7876 | D:8      | Reached skill level 5 in Ranged Weapons
  7876 | D:8      | Reached skill level 5 in Throwing
  7876 | D:8      | Reached skill level 5 in Armour
  7876 | D:8      | Reached skill level 5 in Shields
  7876 | D:8      | Reached skill level 5 in Unarmed Combat
  7876 | D:8      | Reached skill level 5 in Evocations
  7876 | D:8      | Reached XP level 10. HP: 40/66 MP: 20/20
  7970 | D:7      | Reached skill level 8 in Stealth
  8070 | D:8      | Noticed Joseph
  8087 | D:8      | Killed Joseph
  8135 | D:8      | Found a radiant altar of Vehumet.
  8180 | D:8      | Found an ornate altar of the Wu Jian Council.
  8424 | D:8      | Reached *** piety under Hepliaklqana
  8654 | D:8      | Identified the +6 chain mail of the Earth {Regen+ Int+2}
  8954 | D:9      | Got Myideaf's Folio of Earthen Fire
  8986 | D:9      | Reached skill level 5 in Conjurations
  8986 | D:9      | Reached skill level 5 in Summonings
  8986 | D:9      | Reached skill level 5 in Necromancy
  8986 | D:9      | Reached skill level 5 in Translocations
  8986 | D:9      | Reached skill level 5 in Transmutations
  8986 | D:9      | Reached skill level 5 in Fire Magic
  8986 | D:9      | Reached skill level 5 in Ice Magic
  8986 | D:9      | Reached skill level 5 in Air Magic
  8986 | D:9      | Reached skill level 5 in Earth Magic
  8986 | D:9      | Reached skill level 5 in Poison Magic
  8986 | D:9      | Reached XP level 11. HP: 17/72 MP: 13/22
  9197 | D:9      | Found a staircase to the Orcish Mines.
  9198 | D:9      | Paralysed by a hornet for 3 turns
  9370 | D:9      | Found a staircase to the Lair.
  9556 | D:9      | Reached skill level 9 in Stealth
  9774 | Lair:1   | Entered Level 1 of the Lair of Beasts
  9938 | Lair:1   | Noticed a lindwurm
  9953 | Lair:1   | Killed a lindwurm
 10003 | Lair:1   | Reached **** piety under Hepliaklqana
 10701 | Lair:2   | Got the Codex of Toxicity and the Traveller
 10793 | Lair:2   | Noticed a death yak
 10794 | Lair:2   | Noticed a death yak
 10811 | Lair:2   | HP: 3/75 [death yak (9)]
 10811 | Lair:2   | Found a broken altar of Ashenzari.
 10895 | Lair:2   | Learned a level 3 spell: Dazzling Flash
 10902 | Lair:2   | Found a staircase to the Shoals.
 10994 | Lair:2   | Noticed a four-headed hydra
 11004 | Lair:2   | Killed a four-headed hydra
 11005 | Lair:2   | Reached XP level 12. HP: 49/81 MP: 14/24
 11124 | Lair:2   | HP: 3/81 [wolf (5)]
 11126 | Lair:2   | Mangled by a cane toad

Illustrated notes

Levels and vault maps discovered:
D:1:      sevenhm_arrival_forest_fort_large_4, layout_loops_ring,
          basic_ecumenical_altar, solitary_fountain, minmay_statues_item
D:2:      layout_basic, minmay_cut_off, uniq_robin
D:3:      cheibrodos_old_hovel, layout_rooms, nicolae_sif_muna_condensation,
          nicolae_hepliaklqana_monster_ancestors, lemuel_crystal_altar,
          zin_academy, grunt_qazlal_clouds
D:4:      layout_gridville, tso_metal_star, serial_forest,
          infiniplex_forest_end_3, infiniplex_forest_lined_ring,
          infiniplex_forest_lined_room_3, infiniplex_forest_clump_diagonal,
          gammafunk_ghost_necromancy
D:5:      layout_basic, kennysheep_slug_shrine, serial_glass, glass_columns_a,
          glass_columns_b
D:6:      layout_basic, kiku_gazebo_pond_becter, uniq_maggie
D:7:      layout_gridville, nicolae_uskayaw_dance_studio,
          mainiacjoe_overflow_chevrons, mainiacjoe_overflow_small_starburst,
          makhleb_altar_promises_db, minmay_temple_entry_butterflies,
          nrook_mini_backslash, minivault_26
D:8:      minmay_razor_zed, layout_rooms, nicolae_wu_jian_glorious_leap,
          old_standard_altar, st_stairs_11, uniq_joseph
D:9:      layout_big_octagon, minmay_lair_entry_grove, david_orc_2
Lair:1:   layout_roguey
Lair:2:   nzn_winding_woodlands_large [nzn_winding_woodlands_5x5_perimeter,
          nzn_winding_woodlands_5x15_garden, nzn_winding_woodlands_5x5_three,
          nzn_winding_woodlands_center_pierced_h,
          nzn_winding_woodlands_15x15_thick_spiral,
          nzn_winding_woodlands_center_diamonds,
          nzn_winding_woodlands_5x5_cross, nzn_winding_woodlands_5x15_default,
          nzn_winding_woodlands_5x5_default], layout_gridlike,
          minmay_shoals_entry_centaurs, basic_altar, wad_woods_03,
          serial_bayou_shore_b

Skill      XL: |  1  2  3  4  5  6  7  8  9 10 11 12 |
---------------+-------------------------------------+-----
Spellcasting   | 5 6 7 8 |  8.9
Stealth        | 6 7 8 9 |  9.5
Invocations    | 1 2 3 4 5 6 7 8 |  8.0
Fighting       | 1 2 3 4 5 6 7 |  7.3
Long Blades    | 1 2 3 4 5 6 7 |  7.3
Axes           | 1 2 3 4 5 6 7 |  7.3
Maces & Flails | 1 2 3 4 5 6 7 |  7.3
Polearms       | 1 2 3 4 5 6 7 |  7.3
Staves         | 1 2 3 4 5 6 7 |  7.3
Ranged Weapons | 1 2 3 4 5 6 7 |  7.3
Throwing       | 1 2 3 4 5 6 7 |  7.3
Armour         | 1 2 3 4 5 6 7 |  7.3
Shields        | 1 2 3 4 5 6 7 |  7.3
Unarmed Combat | 1 2 3 4 5 6 7 |  7.3
Evocations     | 1 2 3 4 5 6 7 |  7.3
Conjurations   | 1 2 3 4 5 6 |  6.0
Summonings     | 1 2 3 4 5 6 |  6.0
Necromancy     | 1 2 3 4 5 6 |  6.0
Translocations | 1 2 3 4 5 6 |  6.0
Transmutations | 1 2 3 4 5 6 |  6.0
Fire Magic     | 1 2 3 4 5 6 |  6.0
Ice Magic      | 1 2 3 4 5 6 |  6.0
Air Magic      | 1 2 3 4 5 6 |  6.0
Earth Magic    | 1 2 3 4 5 6 |  6.0
Poison Magic   | 1 2 3 4 5 6 |  6.0
Short Blades   | 3 4 5 6 7 |  7.8
Dodging        | 5 6 7 8 |  8.7
Hexes          | 6 7 8 |  8.2

Action                   |  1- 3 |  4- 6 |  7- 9 | 10-12 || total
-------------------------+-------+-------+-------+-------++-------
Melee: Dagger            |    87 |   129 |   249 |   339 ||   804
       Bite              |     4 |     9 |    27 |    51 ||    91
       Punch             |     2 |       |     7 |    16 ||    25
Throw: Boomerang         |       |     5 |       |       ||     5
 Cast: Ensorcelled Hiber |    22 |    52 |    30 |    75 ||   179
       Tukima's Dance    |       |       |     8 |     9 ||    17
Invok: Ancestor Life: He |       |       |     1 |       ||     1
       Recall Ancestor   |       |       |       |     1 ||     1
Evoke: Wand              |       |       |       |     1 ||     1
  Use: Scroll            |       |     6 |     8 |     2 ||    16
       Potion            |       |     2 |       |     2 ||     4
 Stab: Sleeping          |    30 |    37 |    24 |    39 ||   130
       Confused          |       |       |     9 |    14 ||    23
       Distracted        |       |       |     2 |     2 ||     4
Armor: Robe              |     7 |    16 |    51 |    73 ||   147
       Skin              |       |     8 |       |       ||     8
Dodge: Dodged            |    47 |    80 |   153 |   299 ||   579
